Map: Bel'Shir Vestige LE (Void)

Players

Gemini

  • Race: Protoss Protoss
  • League: Master
  • Spawn Location: 11:00

A.I. 1 (Very Easy) - Winner!

  • Race: Protoss Protoss
  • Spawn Location: 5:00

VOD

https://www.youtube.com/watch?v=jSqkUkLqlgU#t=35m09s

Description

Time

  • Played on: Jan. 30, 2017, 7:16 p.m.
  • Length: 7:55
Show
View Real Time Build Order
Export as new Build Order

Gemini Protoss 

Build Orders:  

Get SALT Encoding   

  12  0:02  Probe (Chrono Boost)  
  13  0:13  Probe (Chrono Boost)  
  14  0:18  Pylon  
  14  0:23  Probe (Chrono Boost)  
  15  0:36  Probe (Chrono Boost)  
  15  0:38  Gateway  
  15  0:41  Assimilator  
  16  0:46  Probe (Chrono Boost)  
  17  0:51  Assimilator  
  18  0:57  Probe (Chrono Boost)  
  18  1:07  Probe (Chrono Boost)  
  18  1:11  Gateway  
  19  1:18  Probe (Chrono Boost)  
  20  1:25  Cybernetics Core  
  20  1:29  Probe (Chrono Boost)  
  21  1:34  Pylon  
  21  1:39  Probe (Chrono Boost)  
  22  1:50  Probe (Chrono Boost)  
  22  1:54  Warp Gate  
  23  2:01  Stalker  
  23  2:02  Stalker  
  23  2:04  Mothership Core (Chrono Boost)  
  29  2:15  Pylon  
  29  2:26  Probe (Chrono Boost)  
  30  2:33  Stalker x2  
  34  3:03  Stalker x2  
  38  3:10  Probe (Chrono Boost)  
  39  3:23  Nexus  
  39  3:28  Pylon  
  39  3:37  Robotics Facility  
  39  3:57  Stalker x2  
  39  4:00  Probe (Chrono Boost)  
  44  4:12  Probe (Chrono Boost)  
  46  4:24  Probe (Chrono Boost)  
  46  4:25  Observer  
  46  4:28  Robotics Bay  
  47  4:35  Adept x2  
  47  4:36  Probe (Chrono Boost)  
  47  4:42  Probe (Chrono Boost)  
  53  4:48  Probe (Chrono Boost), Warp Prism  
  53  4:50  Pylon  
  54  4:56  Probe (Chrono Boost)  
  57  5:03  Probe (Chrono Boost)  
  58  5:07  Probe (Chrono Boost)  
  58  5:15  Probe (Chrono Boost)  
  58  5:19  Disruptor, Probe (Chrono Boost)  
  59  5:24  Assimilator  
  59  5:25  Sentry x2  
  59  5:26  Assimilator  
  59  5:27  Probe (Chrono Boost)  
  67  5:30  Pylon  
  67  5:31  Probe (Chrono Boost)  
  68  5:39  Probe (Chrono Boost)  
  68  5:42  Gravitic Drive  
  70  5:43  Probe (Chrono Boost)  
  70  5:48  Gateway  
  71  5:51  Probe (Chrono Boost)  
  71  5:56  Probe (Chrono Boost)  
  71  5:57  Immortal  
  72  6:03  Probe (Chrono Boost)  
  77  6:05  Pylon  
  77  6:09  Probe (Chrono Boost)  
  78  6:20  Pylon  
  78  6:22  Twilight Council  
  78  6:25  Probe x2 (Chrono Boost)  
  80  6:37  Disruptor, Probe x2 (Chrono Boost)  
  85  6:47  Gateway  
  85  6:48  Probe (Chrono Boost), Gateway  
  85  6:50  Gateway  
  86  6:56  Probe (Chrono Boost)  
  86  7:00  Probe (Chrono Boost)  
  88  7:02  Stalker  
  88  7:08  Probe (Chrono Boost), Pylon  
  91  7:12  Probe (Chrono Boost)  
  92  7:20  Probe (Chrono Boost)  
  93  7:23  Pylon x2  
  93  7:24  Probe (Chrono Boost)  
  97  7:32  Probe (Chrono Boost)  
  97  7:36  Stalker x2  
  102  7:39  Pylon  
  102  7:46  Nexus  
  102  7:53  Stalker  
Show
View Real Time Build Order
Export as new Build Order

A.I. 1 (Very Easy) Protoss - Winner!

Build Orders: 1 Gate Expand, Nexus First 

Get SALT Encoding   

  12  0:01  Probe (Chrono Boost)  
  13  0:11  Probe (Chrono Boost)  
  14  0:20  Pylon  
  14  0:43  Gateway  
  14  1:02  Nexus  
  14  1:18  Pylon  
  14  1:24  Assimilator  
  14  1:31  Zealot  
  14  1:35  Cybernetics Core  
  14  1:37  Probe (Chrono Boost)  
  17  1:49  Probe (Chrono Boost)  
  18  1:58  Assimilator  
  18  2:00  Probe (Chrono Boost)  
  19  2:11  Stalker  
  19  2:12  Probe (Chrono Boost)  
  22  2:17  Probe (Chrono Boost)  
  22  2:19  Warp Gate  
  23  2:25  Probe (Chrono Boost)  
  24  2:32  Probe (Chrono Boost)  
  25  2:39  Probe (Chrono Boost)  
  26  2:57  Probe (Chrono Boost)  
  26  2:58  Assimilator  
  27  3:00  Pylon  
  27  3:03  Probe (Chrono Boost)  
  28  3:09  Robotics Facility  
  28  3:12  Probe (Chrono Boost)  
  29  3:19  Probe (Chrono Boost)  
  30  3:20  Zealot  
  33  3:28  Probe (Chrono Boost)  
  33  3:33  Probe (Chrono Boost)  
  33  3:42  Probe (Chrono Boost)  
  33  3:48  Probe (Chrono Boost)  
  32  3:55  Observer  
  33  3:57  Probe (Chrono Boost)  
  35  4:03  Probe (Chrono Boost)  
  36  4:11  Probe (Chrono Boost)  
  36  4:13  Assimilator  
  36  4:14  Zealot, Observer  
  38  4:18  Probe (Chrono Boost)  
  39  4:26  Probe (Chrono Boost)  
  39  4:29  Pylon  
  40  4:32  Probe (Chrono Boost)  
  40  4:40  Probe (Chrono Boost)  
  40  4:43  Immortal  
  46  4:46  Probe (Chrono Boost)  
  46  4:54  Probe (Chrono Boost), Pylon  
  47  5:01  Probe (Chrono Boost)  
  45  5:09  Probe (Chrono Boost)  
  45  5:14  Zealot  
  43  5:24  Probe (Chrono Boost)  
  43  5:26  Nexus  
  44  5:35  Probe (Chrono Boost)  
  45  5:42  Stalker  
  45  5:46  Pylon  
  48  5:50  Probe (Chrono Boost)  
  48  6:01  Probe (Chrono Boost)  
  49  6:06  Pylon  
  49  6:11  Zealot  
  49  6:13  Probe (Chrono Boost)  
  52  6:23  Probe (Chrono Boost)  
  53  6:34  Probe (Chrono Boost)  
  50  7:16  Probe (Chrono Boost)  
  50  7:19  Sentry  
  53  7:24  Probe (Chrono Boost)  
  54  7:32  Probe (Chrono Boost)  
  55  7:39  Probe (Chrono Boost)  
Tags
 
Add a new tag
Caveats
  • Supply blocks, unpowered buildings, or Contaminate may cause inaccurate times.
  • Supply counts are checked every 10 seconds.